 Dungeon Crawl Stone Soup version 0.30-a0-377-g5cb311bc9f (webtiles) character file.

Game seed: 2302968500743590068

604 KennySheep the Magician (level 7, -1/45 HPs)
             Began as a Djinni Conjurer on Nov 29, 2022.
             Was an Initiate of Hepliaklqana.
             Hit by a large rock thrown by a cyclops (35 damage)
             ... on level 7 of the Dungeon.
             The game lasted 00:06:05 (2855 turns).

KennySheep the Magician (Djinni Conjurer)           Turns: 2855, Time: 00:06:06

Health: -1/45      AC:  2    Str:  6    XL:     7   Next: 70%
Gold:   107        EV: 12    Int: 22    God:    Hepliaklqana [......] SH:  0 Dex: 11

rFire   + + .      SeeInvis .    d - +0 dagger
rCold   x . .      Faith    .    (no shield)
rNeg    + . .      Spirit   .    a - +0 robe
rPois   ∞          Reflect  .    (no helmet)
rElec   .          Harm     .    (no cloak)
rCorr   .          Rampage  .    (no gloves)
Will    .....                    (boots unavailable)
Stlth   ++........               (no amulet)
HPRegen 0.27/turn                b - ring of positive energy
MPRegen 0.00/turn                (no ring)

@: flying
A: sickness immunity, fire resistance 2, cold vulnerability 1, float, innate
caster, HP casting, extra vitality 1
a: Renounce Religion


You were on level 7 of the Dungeon.
You worshipped Hepliaklqana.
Hepliaklqana was noncommittal.
You visited 1 branch of the dungeon, and saw 5 of its levels.

You collected 107 gold pieces.

Inventory:

Hand Weapons
 d - a +0 dagger (weapon)
Armour
 a - a +0 robe (worn)
Magical Staves
 m - a staff of earth
Jewellery
 b - a ring of positive energy (left hand)
 i - a ring of ice
 l - a ring of resist corrosion
Scrolls
 c - a scroll of fog
 e - a scroll of amnesia {unknown}
 f - a scroll of enchant armour {unknown}
 h - 2 scrolls of immolation {unknown}
 n - a scroll of teleportation
 o - a scroll of vulnerability
 q - a scroll of blinking
 r - 4 scrolls of identify
 s - a scroll of torment {unknown}
 u - a scroll of enchant weapon {unknown}
Potions
 g - a potion of lignification
 j - 2 potions of attraction
 k - a potion of heal wounds
 p - a potion of ambrosia {unknown}
 t - a potion of flight {unknown}


   Skills:
 - Level 2.1 Dodging
 - Level 1.5 Stealth
 + Level 6.8 Spellcasting


You couldn't memorise any spells.
You knew the following spells:

 Your Spells              Type           Power      Damage    Failure   Level
a - Magic Dart            Conj           100%       1d8       1%          1
b - Searing Ray           Conj           74%        2d7       1%          2
c - Iskenderun's Mystic   Conj/Tloc      37%        2d9       4%          4
d - Fulminant Prism       Conj/Hex       18%        3d11      4%          4
e - Dazzling Flash        Conj/Hex       74%        N/A       1%          3
f - Necrotise             Necr           100%       1d9       1%          1
g - Ensorcelled Hibernat  Hex/Ice        74%        N/A       1%          2
h - Inner Flame           Hex/Fire       37%        N/A       1%          3
Your spell library was empty.

Dungeon Overview and Level Annotations

Branches:
Dungeon (7/15)
 Temple: D:4-7

Altars:
Hepliaklqana
Makhleb
Wu Jian

Shops:
D:3 (


Innate Abilities, Weirdness & Mutations

You are immune to sickness and miasma.
You are immune to poison.
Your flesh is very heat resistant. (rF++)
You are vulnerable to cold. (rC-)
You float through the air rather than walking.
You learn spells naturally, not from books.
Your magical power is your life essence.
You have superior vitality. (+4 MHP)


Message History

The sky beast is knocked back by the mystic blast.
The sky beast slams into the rock wall!
The sky beast is almost dead.
Casting: Iskenderun's Mystic Blast (dangerous; 6% risk of failure)
Confirm with . or Enter, or press ? or * to list all spells.
You erupt in a blast of force!
The mystic blast hits the sky beast!
You kill the sky beast!
* * * LOW HITPOINT WARNING * * *
Your magical contamination has completely faded away.
You see here a killer bee corpse.
You see here a killer bee corpse.
You now have 103 gold pieces (gained 10).
Things that are here:
a +0 shortbow; a centaur corpse
Found 5 stones.
Found a stone staircase leading down.
Found a stone staircase leading down.
You now have 107 gold pieces (gained 4).
A cyclops comes into view.
A cyclops is nearby!
A cyclops is nearby!
A cyclops is nearby!
Casting: Iskenderun's Mystic Blast (dangerous; 4% risk of failure)
Confirm with . or Enter, or press ? or * to list all spells.
You erupt in a blast of force!
The mystic blast hits the cyclops.
The cyclops is lightly wounded.
You hear a shout!
The cyclops closely misses you.
Casting: Iskenderun's Mystic Blast (dangerous; 4% risk of failure)
Confirm with . or Enter, or press ? or * to list all spells.
You erupt in a blast of force!
The mystic blast hits the cyclops.
The cyclops is lightly wounded.
Casting: Iskenderun's Mystic Blast (dangerous; 4% risk of failure)
Confirm with . or Enter, or press ? or * to list all spells.
You erupt in a blast of force!
The mystic blast hits the cyclops.
The cyclops is lightly wounded.
The cyclops is knocked back by the mystic blast.
The cyclops throws a large rock.
The large rock hits you!!
Ouch! That really hurt!
You die...

.##...........#
.##...........# #... #
#...........##.?.. #
#................ . ##
###..............##.....
..............#........
#.#..#..>>...........
......(....#....##.#
.......#.#......@.C#
....####.#####..####
..>.# #.#..○#.### ...##
#.#.#○#...# ...#
#.#.#○#...# ..
...#.#.#...#.##
..#.#.#○#......#
....#.#○#....#.#
..#.#.#.#### #


You could see a cyclops.

Vanquished Creatures
  A sky beast (D:7)
  A centaur (D:7)
  5 killer bees (D:7)
  A jelly (D:4)
  Jessica (D:3)
  An iguana (D:7)
  8 adders
  A worm (D:2)
  A dart slug (D:3)
  An orc (D:3)
  6 endoplasms
  3 giant cockroaches
  8 goblins
  4 hobgoblins
  7 kobolds
  2 quokkas
  9 ball pythons
  3 bats (D:3)
  A frilled lizard (D:2)
  6 rats
70 creatures vanquished.

Notes
Turn   | Place    | Note
-------+----------+-------------------------------------------
     0 | D:1      | KennySheep the Djinni Conjurer began the quest for the Orb.
     0 | D:1      | KennySheep set off with the following spells memorised:
                  | Magic Dart, Searing Ray, Dazzling Flash, Fulminant Prism,
                  | Iskenderun's Mystic Blast.
     0 | D:1      | Reached XP level 1. HP: 15/15 MP: 0/0
   142 | D:1      | Reached XP level 2. HP: 19/21 MP: 0/0
  1028 | D:2      | Reached skill level 4 in Spellcasting
  1028 | D:2      | Reached XP level 3. HP: 21/25 MP: 0/0
  1028 | D:2      | Learned a level 1 spell: Necrotise
  1214 | D:2      | Reached XP level 4. HP: 29/31 MP: 0/0
  1720 | D:2      | Reached XP level 5. HP: 28/35 MP: 0/0
  1720 | D:2      | Learned a level 2 spell: Ensorcelled Hibernation
  1895 | D:3      | Noticed Jessica
  1899 | D:3      | Killed Jessica
  1900 | D:3      | Reached skill level 5 in Spellcasting
  2138 | D:3      | Found an ornate altar of the Wu Jian Council.
  2175 | D:3      | Found Voukaen's Weapon Shop.
  2309 | D:4      | Identified the -2 pair of gloves of the Slug {rElec}
  2409 | D:4      | Found a hazy altar of Hepliaklqana.
  2454 | D:4      | Became a worshipper of Hepliaklqana the Forgotten
  2523 | D:4      | Found a burning altar of Makhleb.
  2532 | D:4      | Reached XP level 6. HP: 11/40 MP: 0/0
  2540 | D:4      | You are sucked into a shaft and drop 3 floors!
  2681 | D:7      | Reached skill level 6 in Spellcasting
  2684 | D:7      | Reached XP level 7. HP: 28/45 MP: 0/0
  2684 | D:7      | Learned a level 3 spell: Inner Flame
  2850 | D:7      | Noticed a cyclops
  2855 | D:7      | Hit by a large rock thrown by a cyclops

Illustrated notes

Levels and vault maps discovered:
D:1:      spicycebolla_arrival_ecumenical, layout_basic
D:2:      layout_basic, basic_altar
D:3:      layout_basic, nicolae_wu_jian_wuxing_cycle, serial_shops,
          nicolae_shop_bloodbath_and_beyond, uniq_jessica
D:4:      corexii_shantytown, layout_basic, vehumet_crystals, bloody_makhleb,
          nzn_hepliaklqana_mist_gate, bloody_trog, minmay_shop_grid_forest,
          interstate_on_off, kennysheep_cross_room
D:7:      lemuel_ice_spiral_2, layout_rooms, minivault_10

Skill      XL: |  1  2  3  4  5  6 |
---------------+-------------------+-----
Spellcasting   | 4 5 6 |  6.8
Dodging        | |  2.1
Stealth        | |  1.5

Action                   |  1- 3 |  4- 6 |  7- 9 || total
-------------------------+-------+-------+-------++-------
 Cast: Magic Dart        |    46 |   100 |       ||   146
       Iskenderun's Myst |       |     2 |     8 ||    10
  Use: Scroll            |       |     4 |       ||     4
       Potion            |       |     4 |       ||     4
Armor: Robe              |       |     2 |       ||     2
Dodge: Dodged            |     2 |    17 |     1 ||    20

Table legend: (Time is in decaauts)
 A = Elapsed time spent in this place.
 B = Non-inter-level travel time spent in this place.
 C = Inter-level travel time spent in this place.
 D = Time resting spent in this place.
 E = Time spent auto-exploring this place.
 F = Levels seen in this place.
 G = Mean time per level.
                   A        B        C        D        E       F      G
               +--------+--------+--------+--------+--------+-----+--------+
         Total |   2852 |   2759 |     93 |    158 |   2245 |   5 |  570.4 |
       Dungeon |   2852 |   2759 |     93 |    158 |   2245 |   5 |  570.4 |
               +--------+--------+--------+--------+--------+-----+--------+

Top non-repeatable levels by time:
     D:1: 1005 daAuts
     D:2: 799 daAuts
     D:3: 471 daAuts
     D:7: 314 daAuts
     D:4: 261 daAuts
